Map: Jagannatha LE

Players

blcyber - Winner!

  • Race: Zerg Zerg
  • League: Gold

A.I. 1 (Very Easy)

  • Race: Terran Terran

VOD

Have the link to the VOD?

Description

Time

  • Played on: June 26, 2021, 6:57 a.m.
  • Length: 12:05
Show
View Real Time Build Order
Export as new Build Order

blcyber Zerg - Winner!

Build Orders: Hatch First 

Get SALT Encoding   

  12  0:02  Drone  
  13  0:12  Overlord  
  13  0:18  Drone  
  14  0:31  Drone  
  14  0:32  Drone  
  16  0:53  Drone  
  17  0:58  Hatchery  
  17  1:00  Drone  
  17  1:02  Drone  
  18  1:14  Extractor  
  18  1:18  Spawning Pool  
  16  1:21  Drone  
  16  1:23  Drone  
  18  1:28  Drone  
  19  1:39  Overlord  
  19  2:05  Queen  
  21  2:09  Drone  
  22  2:18  Queen  
  22  2:22  Metabolic Boost  
  24  2:33  Zergling x2  
  24  2:34  Zergling x2  
  26  2:38  Hatchery  
  25  2:48  Drone x4  
  25  2:49  Drone  
  30  2:58  Queen  
  32  3:10  Overlord  
  32  3:13  Drone x3  
  32  3:16  Drone  
  32  3:18  Overlord  
  36  3:36  Drone x2  
  38  3:42  Queen  
  38  3:44  Overlord  
  40  3:55  Queen  
  42  3:56  Drone  
  42  3:57  Drone x3  
  46  4:04  Overlord  
  46  4:20  Spore Crawler  
  46  4:23  Drone, Spore Crawler  
  46  4:24  Drone  
  46  4:32  Overlord  
  46  4:35  Queen  
  46  4:38  Drone x6  
  52  4:39  Drone x3  
  57  4:51  Extractor, Drone x3  
  59  4:57  Evolution Chamber  
  59  4:59  Evolution Chamber  
  57  5:06  Zergling x8  
  61  5:19  Queen  
  63  5:26  Zerg Melee Weapons Level 1  
  63  5:28  Zerg Ground Armor Level 1  
  63  5:34  Baneling Nest  
  63  5:35  Overlord  
  62  5:45  Drone x6  
  62  5:46  Drone x2  
  62  5:49  Drone  
  71  5:51  Drone x2  
  71  5:52  Drone  
  71  5:55  Drone x2  
  71  5:56  Overlord  
  76  6:03  Lair  
  76  6:18  Overlord x2  
  76  6:34  Hatchery x2  
  76  6:38  Extractor  
  76  6:39  Extractor  
  72  6:40  Extractor  
  72  6:41  Drone x3, Spore Crawler  
  72  6:45  Drone x3  
  72  6:46  Overlord  
  76  6:49  Drone x3  
  79  6:56  Extractor, Drone  
  79  6:57  Drone x2  
  81  7:02  Centrifical Hooks  
  81  7:11  Hydralisk Den  
  80  7:25  Zerg Melee Weapons Level 2  
  80  7:26  Zerg Ground Armor Level 2  
  80  7:34  Evolution Chamber  
  79  7:37  Zergling x4  
  79  7:38  Zergling x12  
  79  7:39  Zergling x4  
  79  7:40  Overlord x2  
  79  7:42  Drone x3  
  79  7:43  Drone x2  
  94  7:45  Grooved Spines  
  94  8:00  Baneling x6  
  94  8:01  Baneling x2  
  94  8:02  Overlord x3  
  94  8:04  Hydralisk x2  
  94  8:05  Hydralisk x3  
  102  8:06  Zergling x2  
  102  8:07  Zergling x12  
  102  8:08  Zergling x2  
  112  8:17  Zerg Missile Weapons Level 1  
  112  8:20  Drone x4  
  112  8:21  Drone x5  
  112  8:22  Overlord  
  121  8:54  Queen  
  123  8:56  Muscular Augments  
  123  9:05  Infestation Pit  
  123  9:07  Extractor  
  123  9:09  Extractor x2  
  120  9:10  Drone  
  120  9:11  Drone x2  
  120  9:12  Drone x3  
  120  9:13  Drone x2  
  120  9:14  Drone x2  
  130  9:25  Hatchery  
  129  9:31  Hatchery  
  128  9:43  Hive  
  128  9:47  Lurker Den  
  127  10:00  Zergling x6  
  127  10:01  Hydralisk x6  
  127  10:02  Hydralisk x3  
  127  10:03  Zergling x10  
  127  10:04  Zergling x14  
  127  10:05  Zergling x4  
  162  10:07  Overlord x2  
  162  10:08  Overlord  
  162  10:19  Pneumatized Carapace  
  162  10:21  Overseer x2  
  162  10:22  Overseer  
  162  10:23  Overseer  
  162  10:27  Baneling x3  
  162  10:28  Baneling x7  
  162  10:29  Baneling x6  
  162  10:30  Zergling x6  
  162  10:31  Zergling x8  
  162  10:32  Zergling x2, Hydralisk x3  
  162  10:33  Hydralisk x4  
  162  10:35  Zergling x6  
  187  10:54  Adaptive Talons  
  187  11:04  Queen  
  187  11:19  Hydralisk  
  187  11:20  Hydralisk x4  
  187  11:21  Zergling x6  
Show
View Real Time Build Order
Export as new Build Order

A.I. 1 (Very Easy) Terran 

Build Orders: Reaper Expand 

Get SALT Encoding   

  12  0:00  SCV  
  13  0:13  SCV  
  14  0:19  Supply Depot  
  14  0:46  Barracks  
  14  1:07  Command Center  
  14  1:31  Supply Depot  
  14  1:35  Marine, Orbital Command  
  14  1:37  Refinery  
  15  1:50  Refinery  
  15  2:00  SCV  
  16  2:12  SCV  
  17  2:17  Reaper  
  17  2:18  SCV  
  19  2:26  SCV  
  20  2:33  SCV  
  21  2:40  SCV  
  22  2:47  SCV  
  22  2:48  Refinery  
  23  2:54  SCV  
  24  3:01  SCV  
  24  3:04  Marine  
  26  3:08  SCV  
  27  3:16  SCV  
  27  3:17  Factory  
  28  3:42  SCV, Refinery  
  28  3:50  SCV, Barracks Tech Lab  
  29  3:57  SCV  
  29  4:02  Supply Depot  
  30  4:04  Starport, SCV  
  30  4:08  Marine  
  32  4:11  SCV  
  33  4:18  SCV  
  34  4:25  SCV  
  35  4:33  SCV  
  36  4:40  SCV  
  36  4:43  Supply Depot, Starport Tech Lab  
  37  4:47  SCV  
  38  4:54  Marine, SCV  
  39  5:01  Raven, SCV  
  42  5:08  SCV  
  43  5:15  SCV  
  44  5:23  SCV  
  45  5:30  SCV  
  46  5:37  SCV  
  46  5:41  Marine  
  48  5:44  Raven  
  50  5:58  SCV  
  50  6:28  Marauder  
  52  7:15  Marauder  
  54  10:45  Medivac  
  54  10:46  Factory Tech Lab  
  54  10:48  Supply Depot  
  56  11:07  Siege Tank  
  59  11:12  Supply Depot  
  59  11:15  Medivac  
  45  11:33  Marine  
  45  11:34  SCV  
  29  11:44  Supply Depot  
  29  11:46  SCV  
Tags
 
Add a new tag
Caveats
  • Supply blocks, unpowered buildings, or Contaminate may cause inaccurate times.
  • Supply counts are checked every 10 seconds.